 Dungeon Crawl Stone Soup version 0.20.0-8-g6b59dc7 (webtiles) character file.

2894 maniacrov the Cleaver (level 9, -1/80 HPs)
             Began as a Minotaur Gladiator on June 2, 2017.
             Slain by a gnoll
             ... wielding a +0 spear
              (3 damage)
             ... on level 7 of the Dungeon.
             The game lasted 00:32:14 (5327 turns).

maniacrov the Cleaver (Minotaur Gladiator)          Turns: 5327, Time: 00:32:15

Health: -1/80      AC:  5    Str: 21    XL:     9   Next: 48%
Magic:  8/8        EV: 15    Int:  5    God:
Gold:   280        SH:  0    Dex: 13    Spells: 8/8 levels left

rFire    + . .     SeeInvis .   a - +2 war axe
rCold    . . .     Gourm    .   (no shield)
rNeg     . . .     Faith    .   b - +1 leather armour
rPois    .         Spirit   .   c - +0 hat
rElec    .         Reflect  .   (no cloak)
rCorr    .         Harm     .   h - +0 pair of gloves
MR       .....                  (no boots)
Stlth    ++........             (no amulet)
Regen    0.3/turn               t - ring of protection from fire
MPRegen  0.2/turn               (no ring)

@: no status effects
A: retaliatory headbutt, horns 2
a: no special abilities


You were on level 7 of the Dungeon.
You were hungry.

You visited 1 branch of the dungeon, and saw 7 of its levels.

You collected 280 gold pieces.

Inventory:

Hand Weapons
 a - a +2 war axe (weapon)
 r - a +1 dagger of draining
Missiles
 d - 4 throwing nets (quivered)
Armour
 b - a +1 leather armour (worn)
 c - a +0 hat (worn)
 h - a +0 pair of gloves (worn)
Jewellery
 t - a ring of protection from fire (left hand)
 z - an uncursed ring of resist corrosion
 B - an uncursed ring of fire {unknown}
Wands
 s - a wand of clouds (7/9)
 C - a wand of paralysis (19/24)
 E - a wand of random effects (29/48)
Scrolls
 o - 3 scrolls of teleportation
 v - a scroll of immolation
 x - a scroll of fog
 y - 3 scrolls of magic mapping
Potions
 e - 2 potions of curing
 g - 3 potions of might
 i - a potion of ambrosia {unknown}
 k - a potion of magic {unknown}
 n - 2 potions of mutation
 q - a potion of lignification {unknown}
 u - a potion of invisibility {unknown}
 w - a potion of berserk rage {unknown}
 A - a potion of heal wounds {unknown}
 D - a potion of degeneration {unknown}
Books
 j - a book of Conjurations

   Spells                             Type                      Level
   a - Magic Dart                     Conjuration                  1
   b - Searing Ray                    Conjuration                  2
   c - Dazzling Spray                 Conjuration/Hexes            3
   d - Fulminant Prism                Conjuration/Hexes            4
   e - Force Lance                    Conjuration/Translocation    4
   f - Iskenderun's Mystic Blast      Conjuration                  4
Comestibles
 f - 4 bread rations
 l - 3 royal jellies
 m - 2 meat rations
 p - 4 fruits


   Skills:
 + Level 7.7 Fighting
 + Level 11.7 Axes
 + Level 2.0 Throwing
 + Level 4.2 Armour
 + Level 6.0 Dodging
 + Level 2.4 Stealth


You had 8 spell levels left.
You didn't know any spells.

Dungeon Overview and Level Annotations

Branches:
Dungeon (7/15)             Temple (0/1) D:6

Altars:
Ashenzari
Cheibriados
Fedhas
Ru
Sif Muna
Trog
Uskayaw
Xom
Yredelemnul


Innate Abilities, Weirdness & Mutations

You reflexively headbutt those who attack you in melee.
You have a pair of horns on your head.


Message History

The gnoll closely misses you. Something hits you.
* * * LOW HITPOINT WARNING * * *
You barely miss something. You headbutt something. The gnoll misses you.
Something hits you but does no damage.
You miss something. The gnoll hits you but does no damage.
Something completely misses you.
You barely miss something. You headbutt something.
The gnoll hits you from afar with a spear.
* * * LOW HITPOINT WARNING * * *
Something hits you but does no damage.
You miss something. The gnoll closely misses you.
You hear some strange, mumbled words.
A puff of flame appears from out of thin air!
The puff of flame hits you! You resist.
* * * LOW HITPOINT WARNING * * *
You barely miss something. You headbutt something.
Reactivating autopickup.
You feel a bit more experienced. The gnoll barely misses you.
The gnoll hits you with a spear.
You die...

##..#...##.###.#.
#.# ...........
.#.# #.#
#...##.###. ##.#
#.# #...##.# .
#.# #.#
#.....#.... #.#
## ..#
#..........
##.### .. ###
..####.#### #....
.# # ..# .#
#..##.# # #.# .
#.@..# .# #.# #
#g#.## #.# #.#
#.##.# #.# #.#
#.# #.###.# #.#
#.####.#.####.#
#.#
#..)g..)......#
..#
######.[.######
### ##...##
##.....##


You could see a gnoll.

Vanquished Creatures
  Pikel (D:5)
  A hippogriff (D:5)
  Sigmund (D:5)
  A sky beast (D:7)
  An orc warrior (D:7)
  A phantom (D:7)
  2 ogres
  A necrophage (D:7)
  A centaur (D:6)
  A bullfrog zombie (D:5)
  5 crimson imps
  7 hounds
  2 jellies
  A centaur zombie (D:6)
  9 orc wizards
  A gnoll shaman (D:7)
  5 orc priests
  3 iguanas
  Natasha (thrice) (D:4 D:6)
  5 worker ants
  A howler monkey skeleton (D:4)
  5 gnolls
  9 adders
  A shadow imp (D:7)
  3 worms (D:2)
  A dart slug (D:4)
  5 leopard geckos
  17 orcs
  7 giant cockroaches
  6 goblins
  7 hobgoblins
  6 jackals
  5 quokkas
  10 bats
  4 frilled lizards
  6 kobolds
  A leopard gecko skeleton (D:4)
  A quokka skeleton (D:6)
  8 rats
155 creatures vanquished.

Notes
Turn   | Place    | Note
-------+----------+-------------------------------------------
     0 | D:1      | maniacrov the Minotaur Gladiator began the quest for the Orb.
     0 | D:1      | Reached XP level 1. HP: 18/18 MP: 0/0
   216 | D:1      | Reached skill level 4 in Axes
   216 | D:1      | Reached XP level 2. HP: 23/25 MP: 1/1
  1267 | D:2      | Found a hide-covered altar of Uskayaw.
  1300 | D:2      | Reached XP level 3. HP: 13/30 MP: 2/2
  1769 | D:2      | Paralysed by fainting for 10 turns
  1821 | D:2      | Paralysed by fainting for 12 turns
  1934 | D:3      | Reached skill level 1 in Armour
  1950 | D:3      | Reached XP level 4. HP: 37/37 MP: 3/3
  1971 | D:3      | Reached skill level 5 in Axes
  2169 | D:3      | Reached XP level 5. HP: 27/45 MP: 4/4
  2423 | D:3      | Found a snail-covered altar of Cheibriados.
  2424 | D:3      | Found a shattered altar of Ashenzari.
  2424 | D:3      | Found a bloodstained altar of Trog.
  2425 | D:3      | Found a basalt altar of Yredelemnul.
  2821 | D:4      | Noticed an ogre
  2828 | D:4      | Killed an ogre
  2828 | D:4      | Reached skill level 6 in Axes
  2828 | D:4      | Reached XP level 6. HP: 22/52 MP: 5/5
  3047 | D:4      | Noticed Natasha
  3053 | D:4      | Killed Natasha
  3125 | D:4      | Paralysed by fainting for 9 turns
  3135 | D:4      | Paralysed by fainting for 7 turns
  3171 | D:4      | Paralysed by fainting for 7 turns
  3209 | D:4      | Paralysed by fainting for 11 turns
  3490 | D:5      | Entered Level 5 of the Dungeon
  3494 | D:5      | Noticed Sigmund
  3500 | D:5      | Killed Sigmund
  3500 | D:5      | Reached skill level 7 in Axes
  3500 | D:5      | Reached XP level 7. HP: 60/60 MP: 6/6
  3516 | D:5      | Found a blossoming altar of Fedhas.
  3563 | D:5      | Noticed a hippogriff
  3569 | D:5      | Killed a hippogriff
  3569 | D:5      | Reached skill level 5 in Fighting
  3569 | D:5      | Reached skill level 8 in Axes
  3701 | D:5      | Reached skill level 5 in Dodging
  3738 | D:5      | Found a sacrificial altar of Ru.
  3747 | D:5      | Reached XP level 8. HP: 55/70 MP: 7/7
  3886 | D:5      | Noticed Pikel
  3902 | D:5      | Killed Pikel
  3902 | D:5      | Reached skill level 10 in Axes
  3902 | D:5      | Reached skill level 1 in Stealth
  4257 | D:6      | Noticed Natasha
  4289 | D:6      | Found a shimmering altar of Xom.
  4324 | D:6      | Found a deep blue altar of Sif Muna.
  4383 | D:6      | Found a staircase to the Ecumenical Temple.
  4458 | D:6      | Paralysed by fainting for 7 turns
  4468 | D:6      | Paralysed by fainting for 10 turns
  4495 | D:6      | Paralysed by fainting for 8 turns
  4507 | D:6      | Paralysed by fainting for 11 turns
  4521 | D:6      | Paralysed by fainting for 12 turns
  4566 | D:6      | Killed Natasha
  4626 | D:6      | Reached XP level 9. HP: 73/78 MP: 8/8
  4629 | D:6      | Noticed Natasha
  4636 | D:6      | Killed Natasha
  5065 | D:7      | Reached skill level 11 in Axes
  5190 | D:7      | Found a snail-covered altar of Cheibriados.
  5324 | D:7      | HP: 3/80 [gnoll/spear (5)]
  5325 | D:7      | HP: 1/80 [something/puff of flame (2)]
  5327 | D:7      | Slain by a gnoll

Skill      XL: |  1  2  3  4  5  6  7  8  9 |
---------------+----------------------------+-----
Axes           | 4 5 6 7 8 10 11 | 11.7
Armour         | 1 2 3 4 |  4.2
Fighting       | 3 4 5 6 7 |  7.7
Dodging        | 4 5 6 |  6.0
Stealth        | 2 |  2.4
Throwing       | |  2.0

Action                   |  1- 3 |  4- 6 |  7- 9 || total
-------------------------+-------+-------+-------++-------
Melee: War axe           |    68 |   117 |   179 ||   364
       Headbutt          |     7 |    24 |    35 ||    66
  Use: Scroll            |     5 |     7 |     2 ||    14
       Potion            |     1 |       |       ||     1
 Stab: Sleeping          |       |       |     1 ||     1
  Eat: Bread ration      |     1 |     1 |       ||     2
       Meat ration       |       |       |     1 ||     1
Armor: Leather armour    |    15 |    33 |    38 ||    86
Dodge: Dodged            |    56 |   108 |   103 ||   267
